 Dungeon Crawl Stone Soup version 0.30-a0-373-gd37427bb62 (webtiles) character file.

Game seed: 4917974118076511133

768 avis the Chiller (level 7, -16/59 HPs)
             Began as a Demigod Ice Elementalist on Nov 23, 2022.
             Demolished by a troll (19 damage)
             ... on level 5 of the Dungeon.
             The game lasted 00:26:59 (5374 turns).

avis the Chiller (Demigod Ice Elementalist)         Turns: 5374, Time: 00:27:02

Health: -16/59     AC:  3    Str: 15    XL:     7   Next: 27%
Magic:  6/16       EV: 13    Int: 17    God:
Gold:   177        SH:  0    Dex: 22    Spells: 5/14 levels left

rFire   . . .      SeeInvis .    a - +3 quarterstaff (chaos)
rCold   . . .      Faith    .    (shield currently unavailable)
rNeg    . . .      Spirit   .    d - +0 robe
rPois   .          Reflect  .    (no helmet)
rElec   .          Harm     .    q - +0 cloak
rCorr   .          Rampage  .    (no gloves)
Will    .....                    (no boots)
Stlth   ++........               (no amulet)
HPRegen 0.29/turn                k - +6 ring of strength
MPRegen 0.15/turn                (no ring)

@: freezing walls
A: high MP 1, forlorn, divine attributes
a: no special abilities


You were on level 5 of the Dungeon.
You visited 1 branch of the dungeon, and saw 5 of its levels.

You collected 177 gold pieces.

Inventory:

Hand Weapons
 a - a +3 quarterstaff of chaos (weapon)
 p - a +0 dagger
 D - a +0 rapier
 G - a +3 short sword
Missiles
 A - 4 atropa-tipped darts
 E - 3 boomerangs of dispersal
Armour
 d - a +0 robe (worn)
 q - a +0 cloak (worn)
 s - a +0 ring mail of fire resistance
Magical Staves
 g - a staff of fire
 w - a staff of poison
Jewellery
 k - a +6 ring of strength (left hand)
 u - an amulet of guardian spirit
 F - an amulet of reflection
Wands
 i - a wand of iceblast (4)
 o - a wand of polymorph (7)
 z - a wand of quicksilver (10)
Scrolls
 e - a scroll of summoning {unknown}
 f - a scroll of blinking {unknown}
 h - 5 scrolls of teleportation {unknown}
 m - a scroll of fear {unknown}
 n - 5 scrolls of identify {unknown}
 v - a scroll of enchant armour {unknown}
 x - a scroll of butterflies {unknown}
 y - a scroll of silence {unknown}
 J - a scroll of magic mapping {unknown}
 K - a scroll of enchant weapon {unknown}
Potions
 b - 2 potions of magic
 c - 2 potions of cancellation {unknown}
 j - a potion of might {unknown}
 l - 2 potions of curing {unknown}
 r - a potion of brilliance {unknown}
 t - a potion of berserk rage {unknown}
 B - a potion of degeneration {unknown}
 C - 2 potions of invisibility {unknown}
 H - a potion of haste {unknown}
 I - a potion of heal wounds {unknown}


   Skills:
 - Level 4.0 Fighting
 * Level 1.0 Armour
 - Level 2.0 Dodging
 - Level 2.0 Stealth
 - Level 4.0 Spellcasting
 - Level 6.0 Ice Magic


You had 5 spell levels left.
You knew the following spells:

 Your Spells              Type           Power      Damage    Failure   Level
a - Freeze                Ice            92%        1d9       1%          1
b - Blink                 Tloc           6%         N/A       24%         2
o - Ozocubu's Armour      Ice            23%        N/A       4%          3
r - Frozen Ramparts       Ice            46%        1d7       4%          3

Your spell library contained the following spells:

 Spells                   Type           Power      Damage    Failure   Level
 Slow                     Hex            12%        N/A       16%         1
 Summon Small Mammal      Summ           12%        N/A       16%         1
 Momentum Strike          Conj/Tloc      6%         3d8       24%         2
 Summon Ice Beast         Ice/Summ       13%        N/A       41%         4
 Call Canine Familiar     Summ           3%         N/A       43%         3
 Confusing Touch          Hex            3%         N/A       43%         3
 Lesser Beckoning         Tloc           6%         N/A       43%         3
 Summon Guardian Golem    Hex/Summ       3%         N/A       43%         3
 Vampiric Draining        Necr           3%         2d6       43%         3


Dungeon Overview and Level Annotations

Branches:
Dungeon (5/15)
 Temple: D:4-7

Annotations:
D:3 2 transporters, hgbash's ghost, amateur GrFi


Innate Abilities, Weirdness & Mutations

You have an increased reservoir of magic. (+10% MP)
You shall have no god before yourself.
Your divine heritage dramatically boosts your attributes as you level up.


Message History

The steam dragon claws you but does no damage.
You sock the steam dragon! You freeze the steam dragon.
The steam dragon is almost dead.
You are engulfed in a cloud of scalding steam.
The frozen ramparts melt away.
The steam dragon closely misses you. The steam dragon completely misses you.
The heat melts your icy armour.
Casting: Frozen Ramparts (dangerous; 4% risk of failure)
Confirm with . or Enter, or press ? or * to list all spells.
Casting: Frozen Ramparts (dangerous; 4% risk of failure)
Press: ? - help, Dir - look around, f - activate
There is a cloud of steam here.
The walls around you are covered in ice.
You are engulfed in a cloud of scalding steam.
Your icy armour melts away.
The wall freezes the steam dragon.
You kill the steam dragon!
Training target 4.0 for Fighting reached!
Your Fighting skill increases to level 4!
You need to enable at least one skill for training.
Training target 2.0 for Dodging reached!
Your Dodging skill increases to level 2!
You need to enable at least one skill for training.
Training target 2.0 for Stealth reached!
Your Stealth skill increases to level 2!
You need to enable at least one skill for training.
You are engulfed in a cloud of scalding steam.
The wall freezes the iguana!
You sock the iguana!
You kill the iguana!
The wall freezes the troll.
Your Armour skill increases to level 1!
You hit the troll.
The troll is poisoned.
The troll is lightly wounded.
The wall freezes the troll.
The troll bites you!
* * * LOW HITPOINT WARNING * * *
The troll claws you!
* * * LOW HITPOINT WARNING * * *
The troll closely misses you.
The wall freezes the troll.
The troll bites you!!
You die...

#....#..#...# ... #....#..#...#
... #....'.[#...#
##..######'#########.
......................
...#..................
##+##..................
#######+###......................
..........#.....@............(..
..........#....##T##............
+##..####...#### ..####....####+#
..#'##....### ..#.)###..'.....
..'..'...##.# ..#.†#.##.#.....
..#..#...††[# ..#..#.)'.#....#
..####...##.# ..#..#.##.#....#
..........### ..#..###..#....#
............##+# #'##....#....#


You could see a troll (very poisoned).

Vanquished Creatures
  A steam dragon (D:5)
  An ice beast (D:5)
  An ogre (D:5)
  2 scorpions
  A jelly (D:5)
  Crazy Yiuf (D:2)
  Jessica (D:3)
  Natasha (thrice) (D:2)
  An iguana (D:5)
  6 adders
  A white imp (D:5)
  4 worms (D:2)
  5 dart slugs
  7 orcs
  5 bats
  8 endoplasms
  5 giant cockroaches
  6 hobgoblins
  A jackal (D:5)
  6 quokkas
  8 ball pythons
  4 frilled lizards
  10 goblins
  3 kobolds
  4 rats (D:1)
95 creatures vanquished.

Vanquished Creatures (others)
  A goblin zombie (D:4)
  2 demonic plants (D:2)
  2 fungi (D:2)
5 creatures vanquished.

Grand Total: 100 creatures vanquished

Notes
Turn   | Place    | Note
-------+----------+-------------------------------------------
     0 | D:1      | avis the Demigod Ice Elementalist began the quest for the
                  | Orb.
     0 | D:1      | Reached XP level 1. HP: 14/14 MP: 5/5
   152 | D:1      | Reached skill level 4 in Ice Magic
   222 | D:1      | Reached XP level 2. HP: 20/20 MP: 5/7
   528 | D:1      | Reached skill level 1 in Fighting
  1195 | D:2      | Reached XP level 3. HP: 24/28 MP: 3/9
  1199 | D:2      | Learned a level 3 spell: Frozen Ramparts
  1419 | D:2      | Noticed Natasha
  1428 | D:2      | Killed Natasha
  1433 | D:2      | Learned a level 3 spell: Ozocubu's Armour
  1775 | D:2      | Reached XP level 4. HP: 36/36 MP: 10/10
  2108 | D:2      | Noticed Natasha
  2122 | D:2      | Killed Natasha
  2695 | D:2      | Noticed Natasha
  2711 | D:2      | Killed Natasha
  2712 | D:2      | Reached skill level 5 in Ice Magic
  2773 | D:2      | Found a runed translucent door.
  2774 | D:2      | Noticed Crazy Yiuf
  2785 | D:2      | Killed Crazy Yiuf
  2786 | D:2      | Reached XP level 5. HP: 31/41 MP: 5/12
  3088 | D:3      | Found a transporter.
  3254 | D:3      | Noticed Jessica
  3426 | D:3      | Killed Jessica
  3530 | D:3      | Noticed hgbash's ghost (amateur GrFi)
  3532 | D:3      | Found a transporter.
  4603 | D:5      | Entered Level 5 of the Dungeon
  4608 | D:5      | Reached XP level 6. HP: 51/51 MP: 13/13
  4818 | D:5      | Reached skill level 6 in Ice Magic
  5190 | D:5      | Learned a level 2 spell: Blink
  5352 | D:5      | Noticed a steam dragon
  5358 | D:5      | Reached XP level 7. HP: 57/57 MP: 9/16
  5364 | D:5      | Noticed a troll
  5371 | D:5      | Killed a steam dragon
  5374 | D:5      | Reached skill level 1 in Armour
  5374 | D:5      | Demolished by a troll

Illustrated notes

Levels and vault maps discovered:
D:1:      roderic_dead_forest, layout_rooms, roderic_lattice_a
D:2:      layout_loops_corners, dreamdust_ecumenical_altar_sealed_demon,
          basic_altar, uniq_crazy_yiuf_cottage, uniq_natasha
D:3:      layout_basic, gammafunk_ghost_arena, grunt_ministairs_1, uniq_jessica
D:4:      layout_loops_ring
D:5:      layout_gridville, nicolae_dithmenos_shadow_blocks,
          minmay_divided_ellipse

Skill      XL: |  1  2  3  4  5  6  7 |
---------------+----------------------+-----
Ice Magic      | 4 5 6 |  6.0
Spellcasting   | 2 3 4 |  4.0
Fighting       | 1 2 3 4 |  4.0
Dodging        | 2 |  2.0
Stealth        | 2 |  2.0
Armour         | 1 |  1.0

Action                   |  1- 3 |  4- 6 |  7- 9 || total
-------------------------+-------+-------+-------++-------
Melee: Dagger            |     7 |    24 |       ||    31
       Unarmed           |     2 |    10 |       ||    12
       Quarterstaff      |       |    90 |     7 ||    97
 Cast: Freeze            |    59 |     5 |       ||    64
       Frozen Ramparts   |     1 |    16 |     2 ||    19
       Ozocubu's Armour  |       |    16 |       ||    16
 Stab: Distracted        |     1 |       |       ||     1
       Sleeping          |     6 |     4 |       ||    10
Armor: Robe              |     5 |    39 |     2 ||    46
Dodge: Dodged            |    22 |    69 |     7 ||    98

Table legend: (Time is in decaauts)
 A = Elapsed time spent in this place.
 B = Non-inter-level travel time spent in this place.
 C = Inter-level travel time spent in this place.
 D = Time resting spent in this place.
 E = Time spent auto-exploring this place.
 F = Levels seen in this place.
 G = Mean time per level.
                   A        B        C        D        E       F      G
               +--------+--------+--------+--------+--------+-----+--------+
         Total |   5410 |   5030 |    380 |   1765 |   2170 |   5 | 1082.0 |
       Dungeon |   5410 |   5030 |    380 |   1765 |   2170 |   5 | 1082.0 |
               +--------+--------+--------+--------+--------+-----+--------+

Top non-repeatable levels by time:
     D:2: 1871 daAuts
     D:1: 1173 daAuts
     D:3: 832 daAuts
     D:4: 819 daAuts
     D:5: 714 daAuts
